 Dungeon Crawl Stone Soup version 0.30-a0-591-g3c58d2bc28 (webtiles) character file.

Game seed: 16452537320538635134

1619301 MackTheKnife the Grand Master (level 27, 260/260 HPs)
             Began as a Barachi Wanderer on Jan 5, 2023.
             Was the Champion of Ru.
             Escaped with the Orb
             ... and 3 runes!
             The game lasted 02:58:09 (71787 turns).

MackTheKnife the Grand Master (Barachi Wanderer)   Turns: 71787, Time: 02:58:10

Health: 260/260    AC: 37    Str: 29 (32) XL:     27
Magic:  15/15      EV: 22    Int:  7      God:    Ru [******]
Gold:   5359       SH: 31    Dex: 24      Spells: 27/28 levels left

rFire   + + .      SeeInvis +      - Unarmed
rCold   + + .      Faith    +    t - +6 tower shield of Zuliseckid {Stlth+}
rNeg    . . .      Spirit   .    R - +1 chain mail of Fateggesell {-Cast rC++ Will++}
rPois   +          Reflect  .    C - +1 hat of the Wild Haggis {rF+ Will+ Int+2 SInv}
rElec   +          Harm     .    o - +2 cloak
rCorr   .          Rampage  .    Z - +2 pair of gloves
Will    ++++.      NoCast   +    r - +2 pair of boots
Stlth   +                        a - amulet "Foidef" {Faith Str+5 Int-2 Dex+4}
HPRegen 0.63/turn                k - ring "Vupn" {Wiz +Blink rElec rF+ MP-9 Dex+2}
MPRegen 0.14/turn                P - ring "Kisuv" {rElec rPois AC+4 Str+6 Dex-4, =R}

@: hasted, studying 3 skills, quick
A: amphibious, dopey 2, screaming 2, slowness 1, inability to drink after injury
2, no fire magic, no summoning magic, no transmutations magic, weak-willed 1,
missing an eye, strong legs 2, +LOS, iridescent scales 1, robust 1, strong 1
0: Orb of Zot
}: 3/15 runes: decaying, silver, gossamer
a: Hop, Renounce Religion, Evoke Blink, Draw Out Power, Power Leap, Apocalypse


You escaped.
You worshipped Ru.
Ru was exalted by your worship.
You visited 10 branches of the dungeon, and saw 50 of its levels.
You also visited: Sewer and Desolation.

You collected 7529 gold pieces.
You spent 2170 gold pieces at shops.


Innate Abilities, Weirdness & Mutations

You are amphibious.
You are very dopey. (Int -4)
You frequently scream uncontrollably at your foes.
You cover ground slowly.
You sometimes lose the ability to drink potions when taking damage.
You cannot study or cast Fire magic.
You cannot study or cast Summoning magic.
You cannot study or cast Transmutations magic.
You are slightly weak-willed. (Will-)
You are missing an eye, making it more difficult to aim.
You can hop long distances.
You have an extended range of vision and can be seen from far away.
You are partially covered in iridescent scales. (AC +2)
You are robust. (+10% HP)
Your muscles are strong. (Str +4, Int/Dex -1)


   Skills:
 + Level 23.8 Fighting
 - Level 25.3 Armour
 - Level 17.4 Dodging
 - Level 9.3 Stealth
 - Level 22.4 Shields
 O Level 27 Unarmed Combat
 - Level 1.1 Spellcasting
 - Level 16.4 Evocations


You had 27 spell levels left.
You knew the following spells:

 Your Spells              Type           Power      Damage    Failure   Level
a - Summon Small Mammal   Summ           0%         N/A       50%         1

Your spell library contained the following spells:

 Spells                   Type           Power      Damage    Failure   Level
 Apportation              Tloc           0%         N/A       50%         1
 Kiss of Death            Conj/Necr      0%         2d5       50%         1
 Shock                    Conj/Air       0%         1d3       50%         1
 Ensorcelled Hibernation  Hex/Ice        0%         N/A       63%         2
 Sublimation of Blood     Necr           0%         N/A       63%         2
 Gell's Gravitas          Tloc           0%         N/A       85%         3
 Ozocubu's Armour         Ice            0%         N/A       85%         3
 Portal Projectile        Hex/Tloc       0%         N/A       85%         3
 Swiftness                Air            0%         N/A       85%         3
 Teleport Other           Tloc           0%         N/A       85%         3
 Tukima's Dance           Hex            0%         N/A       85%         3
 Airstrike                Air            0%         2d(0-16)  99%         4
 Anguish                  Hex/Necr       0%         N/A       99%         4
 Passage of Golubria      Tloc           0%         N/A       99%         4
 Iskenderun's Battlesphe  Conj           0%         2d6       100%        5
 Metabolic Englaciation   Hex/Ice        0%         N/A       100%        5
 Silence                  Hex/Air        0%         N/A       100%        5
 Conjure Ball Lightning   Conj/Air       0%         3x3d6     100%        6
 Dispersal                Tloc           0%         N/A       100%        6
 Simulacrum               Ice/Necr       0%         N/A       100%        6
 Orb of Destruction       Conj           0%         9d5       100%        7
 Discord                  Hex            0%         N/A       100%        8
 Lehudib's Crystal Spear  Conj/Erth      0%         10d2      100%        8
 Passwall                 Tmut/Erth      Unusable   N/A       N/A         2
 Wereblood                Tmut           Unusable   N/A       N/A         2
 Call Canine Familiar     Summ           Unusable   N/A       N/A         3
 Spider Form              Tmut/Pois      Unusable   N/A       N/A         3
 Summon Guardian Golem    Hex/Summ       Unusable   N/A       N/A         3
 Animate Armour           Summ/Erth      Unusable   N/A       N/A         4
 Petrify                  Tmut/Erth      Unusable   N/A       N/A         4
 Summon Ice Beast         Ice/Summ       Unusable   N/A       N/A         4
 Alistair's Intoxication  Tmut/Pois      Unusable   N/A       N/A         5
 Blade Hands              Tmut           Unusable   N/A       N/A         5
 Fireball                 Conj/Fire      Unusable   3d3       N/A         5
 Irradiate                Conj/Tmut      Unusable   3d11      N/A         5
 Summon Forest            Summ/Tloc      Unusable   N/A       N/A         5
 Yara's Violent Unravell  Hex/Tmut       Unusable   3d3       N/A         5
 Eringya's Noxious Bog    Tmut/Pois      Unusable   N/A       N/A         6
 Dragon Form              Tmut           Unusable   N/A       N/A         7
 Summon Hydra             Summ           Unusable   N/A       N/A         7

Inventory:

Armour
 f - the +1 kite shield of Leecvin {Str+3 Int-5 Dex+7 Slay+2}
   (You acquired it on level 2 of the Depths)

   Str:       It affects your strength (+3).
   Int:       It affects your intelligence (-5).
   Dex:       It affects your dexterity (+7).
   Slay:      It affects your accuracy & damage with ranged weapons and melee
   (+2).
 o - a +2 cloak (worn)
   (You found it on level 9 of the Dungeon)
 r - a +2 pair of boots (worn)
   (You found it on level 2 of the Dungeon)
 t - the +6 tower shield of Zuliseckid (worn) {Stlth+}
   (You took it off Mennas on level 1 of the Crypt)

   Stlth:     It makes you more stealthy.
 C - the +1 hat of the Wild Haggis (worn) {rF+ Will+ Int+2 SInv}
   (You acquired it on level 2 of the Depths)

   Int:       It affects your intelligence (+2).
   rF:        It protects you from fire.
   SInv:      It lets you see invisible.
   Will:      It increases your willpower.
 K - a +1 buckler of protection
   (You took it off a tengu warrior on level 13 of the Dungeon)
 Q - quicksilver dragon scales {rare}
   (You found it on level 4 of the Vaults)
 R - the +1 chain mail of Fateggesell (worn) {-Cast rC++ Will++}
   (You found it on level 3 of the Depths)

   rC:        It greatly protects you from cold.
   -Cast:     It prevents spellcasting.
   Will:      It greatly increases your willpower.
 Z - a +2 pair of gloves (worn)
   (You found it on level 6 of the Dungeon)
Jewellery
 a - the amulet "Foidef" (around neck) {Faith Str+5 Int-2 Dex+4}
   (You took it off a deep elf annihilator on level 3 of the Elven Halls)

   [amulet of faith]

   It allows you to gain divine favour quickly.
   Str:       It affects your strength (+5).
   Int:       It affects your intelligence (-2).
   Dex:       It affects your dexterity (+4).
 g - the ring "Wuafri" {rN+ Will+ Int-2 SInv}
   (You took it off a deep elf annihilator on level 3 of the Elven Halls)

   [ring of willpower]

   Int:       It affects your intelligence (-2).
   rN:        It protects you from negative energy.
   SInv:      It lets you see invisible.
   Will:      It increases your willpower.
 k - the ring "Vupn" (left hand) {Wiz +Blink rElec rF+ MP-9 Dex+2}
   (You took it off a servant of whispers in the Desolation of Salt)

   [ring of wizardry]

   It improves your spell success rate.
   Dex:       It affects your dexterity (+2).
   rF:        It protects you from fire.
   rElec:     It insulates you from electricity.
   MP:        It affects your magic capacity (-9).
   +Blink:    It lets you blink.
 w - a ring of flight
   (You found it on level 8 of the Dungeon)
 H - the ring of Okawaru's Scorn {rPois rN+ Will+ MP+9}
   (You took it off an orc warrior on level 5 of the Vaults)

   [ring of magical power]

   rPois:     It protects you from poison.
   rN:        It protects you from negative energy.
   MP:        It affects your magic capacity (+9).
   Will:      It increases your willpower.
 O - the ring of Melee {+Blink rPois rF- rC+ Dex+6}
   (You acquired it on level 2 of the Depths)

   [ring of dexterity]

   Dex:       It affects your dexterity (+6).
   rF:        It makes you vulnerable to fire.
   rC:        It protects you from cold.
   rPois:     It protects you from poison.
   +Blink:    It lets you blink.
 P - the ring "Kisuv" (right hand) {rElec rPois AC+4 Str+6 Dex-4, =R}
   (You found it on level 2 of the Lair of Beasts)

   [ring of protection]

   AC:        It affects your AC (+4).
   Str:       It affects your strength (+6).
   Dex:       It affects your dexterity (-4).
   rElec:     It insulates you from electricity.
   rPois:     It protects you from poison.
 U - the ring of Gozag's Delight {+Blink rC++ Int+6}
   (You found it on level 3 of the Elven Halls)

   [ring of intelligence]

   Int:       It affects your intelligence (+6).
   rC:        It greatly protects you from cold.
   +Blink:    It lets you blink.
Wands
 D - a wand of paralysis (60)
   (You found it on level 15 of the Dungeon)
 F - a wand of iceblast (13)
   (You found it on level 2 of the Elven Halls)
 G - a wand of mindburst (4)
   (You took it off Lodul on level 10 of the Dungeon)
 I - a wand of light (5)
   (You took it off an orc sorcerer on level 2 of the Elven Halls)
 T - a wand of flame (55) (quivered)
   (You found it on level 3 of the Spider Nest)
 X - a wand of digging (6)
   (You found it on level 3 of the Vaults)
Scrolls
 b - 4 scrolls of butterflies
 c - a scroll of fog
 d - 7 scrolls of fear
 j - 31 scrolls of identify {@r1}
 m - 5 scrolls of poison
 v - 13 scrolls of teleportation {@r4}
 y - 9 scrolls of blinking {!r}
 N - 12 scrolls of immolation {!r!r}
Potions
 e - 5 potions of cancellation
 h - 11 potions of ambrosia
 i - 6 potions of might
 l - 20 potions of heal wounds {@q2}
 n - 5 potions of invisibility
 p - 21 potions of curing {@q1}
 q - 11 potions of mutation {!q}
 z - 10 potions of lignification {!q}
 A - 8 potions of magic
 E - 4 potions of haste {@q3}
 L - 7 potions of resistance
 Y - 9 potions of flight
Miscellaneous
 s - a tin of tremorstones (2/2) {throwing}
   (You found it on level 3 of the Elven Halls)
 u - a phantom mirror
   (You found it on level 11 of the Dungeon)
 x - a phial of floods
   (You found it on level 5 of the Lair of Beasts)
 B - a condenser vane
   (You found it on level 11 of the Dungeon)
 S - a piece from Xom's chessboard (15/15)
   (You found it on level 1 of the Spider Nest)
 W - a lightning rod (4/4)
   (You found it on level 3 of the Depths)

Dungeon Overview and Level Annotations

Branches:
Dungeon (15/15)            Temple (0/1) D:7            Lair (5/5) D:8
  Swamp (4/4) Lair:2       Spider (4/4) Lair:3        Slime (0/5) Lair:4
    Orc (2/2) D:10            Elf (3/3) Orc:2        Vaults (5/5) D:13
  Crypt (3/3) Vaults:2     Depths (4/4) D:15            Zot (5/5) Depths:4
  Sewer (visited)         Desolation (visited)
   Tomb: Crypt:3

Altars:
Cheibriados
Dithmenos
Elyvilon
Fedhas
Gozag
Hepliaklqana
Kikubaaqudgha
Makhleb
Okawaru
Qazlal
Ru
Sif Muna
Uskayaw
Vehumet
Wu Jian
Xom
Zin
The Shining One
Jiyva

Shops:
D:3 *   D:8 ?*   D:10 [   D:12 !(   Orc:2 ?(!=   Vaults:1 :   Depths:1 [**([
Depths:2 !(=

Portals:
Hell: Depths:1 Depths:2 Depths:3 Depths:4
Abyss: Depths:1 Depths:3
Pandemonium: Orc:2 Depths:2 Depths:4
Ziggurat: Depths:3
Trove: D:14 (give 6 scrolls of fog)

Annotations:
D:9 3 runed translucent doors, PanSaczeczos's ghost, journeyman GrCK
Lair:1 3 runed translucent doors, Othiruos's ghost, journeyman DsCj
Swamp:1 1 runed translucent door, Crownlay's ghost, adept GrEE
Swamp:2 exclusion: downstairs
Swamp:3 Mara
Elf:2 3 runed translucent doors
Vaults:1 1 runed translucent door, Uhurudgh's ghost, veteran DgEE; Zenata

#~~~~~≈≈≈≈≈≈~~~.~#.##.......##
#~≈~≈≈≈≈≈≈≈≈#'#≈~.....####..##
#≈≈≈≈≈≈≈≈≈≈≈#.#≈~~.#### #....
#≈'###≈≈##≈≈#>#≈~~.# #....
#~'>>#≈≈##≈≈###≈≈).# #....
#≈####≈≈≈≈≈≈≈≈≈≈~~.# #.###
#≈≈≈≈≈≈≈≈≈≈#####~..#######....
#≈≈≈≈≈≈≈≈≈≈#...#~...........##
#≈≈≈≈≈≈≈≈≈≈#.@.#≈~#.#######.#.
#≈≈≈''#≈≈≈≈#.>.#~...# #.#.
#≈≈≈'>#≈≈≈≈#...'~..## #.#.
#≈≈≈#>#≈≈≈≈#####~.## #.##
#≈≈≈##'≈≈≈≈≈≈≈≈≈≈.# #...
#≈≈≈≈≈≈≈≈##≈≈≈≈≈~.# ####
#≈≈≈≈≈≈≈≈##≈≈≈≈≈≈~#
#≈≈≈≈≈≈≈≈≈≈≈≈≈≈≈≈.#
###################


There were no monsters in sight!


Message History

The golden eye blinks at you. You resist with almost no effort.
The golden eye blinks!
You pummel the lorocyproca!!
You kill the lorocyproca!
The golden eye begins to attack, but is stunned by your conviction!
The golden eye blinks at you. You resist with almost no effort.
The golden eye blinks!
The golden eye blinks at you. You resist with almost no effort.
You now have 257 max hp (+1).
You squash the golden eye like an ant!!!
You kill the golden eye! 😎 HP[+1]
Your hp is fully restored (257).
You miss the golden eye.
The golden eye blinks!
The golden eye blinks at you. You resist with almost no effort.
The golden eye blinks!
The golden eye begins to attack, but is stunned by your conviction!
You closely miss the golden eye.
The golden eye blinks!
You closely miss the golden eye. You barely miss the golden eye.
The golden eye blinks at you. You resist with almost no effort.
You pummel the golden eye!!
You kill the golden eye!
The golden eye blinks at you. You resist with almost no effort.
The golden eye blinks!
You now have 258 max hp (+1).
You closely miss the golden eye. The golden eye blinks at you.
You resist with almost no effort. The golden eye blinks at you.
You resist with almost no effort. The golden eye blinks at you.
You resist with almost no effort.
The golden eye is stunned by your conviction and fails to attack. 😎 HP[+1]
Your hp is fully restored (258).
You hit the golden eye. The golden eye blinks at you.
You resist with almost no effort.
You barely miss the golden eye.
The golden eye blinks!
You miss the golden eye.
The golden eye blinks!
The golden eye blinks at you. You resist with almost no effort.
You closely miss the golden eye. The golden eye blinks at you.
You resist with almost no effort.
You redirect the golden eye's attack!
The golden eye blinks!
The golden eye blinks at you. You resist with almost no effort.
You pulverise the golden eye!!!
You kill the golden eye!
You now have 259 max hp (+1).
You completely miss the golden eye. The golden eye blinks at you.
You resist with almost no effort.
The golden eye begins to attack, but is stunned by your conviction!
The golden eye turns its gaze towards you.
You pummel the golden eye!!
You kill the golden eye!
The golden eye blinks at you. You resist with almost no effort.
The golden eye blinks at you. You resist with almost no effort.
The golden eye blinks!
You pummel the golden eye!!
You kill the golden eye!
Your life force feels restored. 😕 HP[+1]
You now have 260 max hp (+1). 😎 HP[+1]
Your hp is fully restored (260).
You punch the golden eye!
You redirect the golden eye's attack!
The golden eye blinks!
You barely miss the golden eye.
The golden eye turns its gaze towards you.
You redirect the golden eye's attack!
You completely miss the golden eye.
The golden eye blinks!
The golden eye blinks at you. You resist with almost no effort.
You redirect the golden eye's attack!
The golden eye begins to attack, but is stunned by your conviction!
You redirect the golden eye's attack!
The golden eye blinks!
A green death comes into view.
A Tzitzimitl comes into view.
Really read
y - 10 scrolls of blinking {!r}?
Blink to where?
Press: ? - help, Dir - move target Floosh!
You fall into the deep water.
As you read the scroll of blinking {!r}, it crumbles to dust.
You are ready to hop once more.
You feel yourself speed up.
There is an open door here.
There is a staircase leading out of the dungeon here.
You have escaped!

Skill      XL: |  1  2  3  4  5  6  7  8  9 10 11 12 13 14 15 16 17 18 19 20 21 22 23 24 25 26 |
---------------+-------------------------------------------------------------------------------+-----
Fighting       | 4 5 7 8 12 14 15 17 20 21 22 23 | 23.8
Unarmed Combat | 3 4 5 6 7 8 9 11 12 13 15 19 20 21 23 25 27 | 27.0
Summonings     | 0 |  0.0
Stealth        | 6 9 |  9.3
Dodging        | 7 9 10 11 12 13 15 17 | 17.4
Evocations     | 7 11 13 14 16 | 16.4
Armour         | 5 7 14 17 18 23 25 | 25.3
Shields        | 8 10 14 18 22 | 22.4
Spellcasting   | |  1.1

Action                   |  1- 3 |  4- 6 |  7- 9 | 10-12 | 13-15 | 16-18 | 19-21 | 22-24 | 25-27 || total
-------------------------+-------+-------+-------+-------+-------+-------+-------+-------+-------++-------
Melee: Unarmed           |   154 |   234 |   428 |   897 |  1887 |  1976 |  1723 |  1809 |  1696 || 10804
       Punch             |     6 |    11 |    23 |    73 |    25 |       |       |       |       ||   138
 Cast: Summon Small Mamm |       |     1 |     1 |       |       |       |       |       |       ||     2
Invok: Sacrifice Arcana  |       |       |     1 |       |       |       |       |       |       ||     1
       Sacrifice Drink   |       |       |       |     1 |       |       |       |       |       ||     1
       Sacrifice Essence |       |       |       |     1 |       |       |       |       |       ||     1
       Apocalypse        |       |       |       |     3 |    15 |    10 |     7 |     4 |     3 ||    42
       Draw Out Power    |       |       |       |     2 |       |     2 |     1 |     1 |     1 ||     7
       Sacrifice an Eye  |       |       |       |     1 |       |       |       |       |       ||     1
       Reject Sacrifices |       |       |       |       |     2 |       |       |       |       ||     2
       Sacrifice Purity  |       |       |       |       |     2 |     2 |       |       |       ||     4
       Power Leap        |       |       |       |       |       |       |       |       |     1 ||     1
 Abil: Hop               |       |     2 |     1 |     5 |     5 |     6 |     2 |     5 |     3 ||    29
Evoke: Wand              |       |       |     4 |    24 |     8 |    18 |    13 |     5 |     7 ||    79
       Condenser vane    |       |       |       |     1 |     4 |     6 |    10 |     7 |     5 ||    33
       Phantom mirror    |       |       |       |     1 |     2 |     2 |     3 |     2 |     1 ||    11
       Phial of floods   |       |       |       |       |     1 |     2 |     3 |     1 |       ||     7
       Tin of tremorston |       |       |       |       |       |       |     3 |     1 |       ||     4
       Lightning rod     |       |       |       |       |       |       |       |     6 |       ||     6
  Use: Scroll            |       |    10 |     8 |    13 |     5 |     5 |     5 |    12 |     9 ||    67
       Potion            |       |     2 |     2 |     4 |       |     5 |     2 |       |    13 ||    28
 Stab: Distracted        |       |       |     2 |     6 |    22 |    16 |    16 |    11 |    11 ||    84
       Sleeping          |       |       |     1 |     6 |     3 |     7 |    13 |       |     1 ||    31
       Invisible         |       |       |       |     4 |    25 |    20 |    20 |    13 |    10 ||    92
       Confused          |       |       |       |     2 |       |       |       |       |       ||     2
       Paralysed         |       |       |       |     6 |     7 |    18 |    15 |     9 |     3 ||    58
       Held in net/web   |       |       |       |       |       |     1 |       |       |       ||     1
Armor: Scale mail        |    24 |       |       |       |   427 |       |       |       |       ||   451
       Ring mail         |    41 |    86 |   141 |    79 |       |       |       |       |       ||   347
       Leather armour    |       |       |       |   230 |   207 |   746 |   480 |   129 |       ||  1792
       Plate armour      |       |       |       |       |       |       |       |   200 |       ||   200
       Chain mail        |       |       |       |       |       |       |       |   218 |   348 ||   566
Dodge: Dodged            |    69 |   108 |   178 |   609 |  1414 |  1132 |   844 |   748 |   472 ||  5574
Block: Buckler           |       |       |       |       |   529 |   505 |   389 |   367 |   153 ||  1943
       Tower shield      |       |       |       |       |       |       |       |       |  1022 ||  1022

Levels and vault maps discovered:
D:1:      minmay_arrival_floating_metal, layout_basic, minmay_cut_off
D:2:      layout_basic, minmay_stone_trees_small, columned_hall_lemuel,
          dreamdust_wishing_well, kennysheep_generic_room_14
D:3:      layout_basic, grunt_dithmenos_smoke_and_mirrors, serial_shops, shop,
          uniq_natasha
D:4:      dreamdust_elfheim, layout_basic, mainiacjoe_overflow_small_starburst,
          amcnicky_mini_pool_small
D:5:      layout_loops_corners, okawaru_gym_becter,
          mainiacjoe_overflow_chevrons, xom_teletrap_fun, jmf_multi_god_temple,
          zin_angel, portal_sewer_entry_f, grunt_tough_drop
D:6:      layout_loops_ring, mainiacjoe_overflow_catwalk, minitemple,
          nicolae_nh_ransacked_shop
D:7:      layout_loops_cross, minmay_temple_entry_large_hall, minmay_between,
          uniq_crazy_yiuf_cottage, uniq_prince_ribbit1
D:8:      layout_basic, mainiacjoe_overflow_alcove_2, dpeg_lair_monsters,
          serial_shops, nicolae_lakefront_shop, shop, special_room
          [special_room_orc], serial_co_window_serial, co_window_paths_a,
          co_window_of_opportunity_a, co_window_paths_b, co_window_paths_a,
          co_window_of_opportunity_a, co_window_broadway_a,
          co_window_of_opportunity_c, co_window_corner_ca,
          co_window_of_opportunity_c, co_window_corner_b, co_window_corner_b,
          co_window_unsneaky_path_a, chequers_serial_rivers_small_b
D:9:      layout_gridville, mainiacjoe_overflow_cross_hatched, fedhas_altar_4,
          ebering_ghost_rock_garden, chequers_serial_rivers_micro_a
D:10:     layout_roguey, nicolae_sif_muna_condensation,
          mainiacjoe_overflow_paths, orc_0_dummy, serial_shops,
          nicolae_lakefront_shop, uniq_sonja, uniq_urug, uniq_lodul
D:11:     layout_roguey, minmay_beelzebubs_servants, uniq_fannar
D:12:     minmay_bloctagon_deflated, layout_irregular_city, serial_shops,
          shop_statue, nicolae_shop_trees
D:13:     gammafunk_sealed_arena, layout_loops_ring, erik_vaults_1,
          fiery_altar_vehumet, uniq_azrael
D:14:     layout_gridville, nicolae_trove_entry_columns,
          chequers_serial_rivers_large_a
D:15:     grunt_enter_depths_hoard, layout_cave_pools,
          nicolae_wu_jian_wuxing_cycle, uniq_agnes, uniq_rupert
Lair:1:   layout_small_grid, maelrawn_ghost_gauntlet_escape
Lair:2:   layout_chaotic_city, minmay_swamp_entry_wisps, ice2_lemuel,
          grunt_megastairs_3
Lair:3:   nzn_winding_woodlands_small
          [nzn_winding_woodlands_5x15_river_crossing,
          nzn_winding_woodlands_center_lodge,
          nzn_winding_woodlands_5x15_lazy_stream], layout_gridlike,
          hellmonk_spider_entry_not_the_bees, nzn_masters_of_martial_movement
Lair:4:   layout_cave_pods, dpeg_slime_entry_enclosed, gammafunk_ghost_grave,
          fungi_pond_lemuel, beast_lair_carwin_2
Lair:5:   minmay_lair_end_enchanted_forest, layout_regular_city, serial_rivers,
          chequers_serial_rivers_small_b, chequers_serial_rivers_micro_b,
          chequers_serial_rivers_micro_d, chequers_serial_rivers_micro_d,
          chequers_serial_rivers_micro_e, chequers_serial_rivers_room_a,
          chequers_serial_rivers_small_b, chequers_serial_rivers_small_a,
          eino_small_chamber_without_monster, evilmike_ambush
          [evilmike_ambush_outer_corners, evilmike_ambush_inner_cross]
Swamp:1:  layout_basic_swamp, hellmonk_ghost_happy_afterlife,
          nicolae_swamp_some_circles
Swamp:2:  layout_basic_swamp, evilmike_swamp_ruin_rubble_1,
          nicolae_swamp_hydra_murder_den, infiniplex_staircase_pool_2
Swamp:3:  layout_falls_marsh, hangedman_swamp_ruin_wall,
          infiniplex_staircase_pool, uniq_nikola, uniq_mara, uniq_jorgrun,
          uniq_kirke
Swamp:4:  swamp_basic_johnstein, layout_basic_swamp, swamp_pool3,
          nicolae_swamp_no_escape
Spider:1: cheibrodos_spider_silkery
Spider:2: layout_chambers
Spider:3: nicolae_spider_broodchamber, uniq_bai_suzhen, uniq_aizul, uniq_louise
Spider:4: guppyfry_spider_rune, portal_ice_cave_entry_ugly_swarm, special_room
          [special_room_bee]
Orc:1:    layout_diamond_mine
Orc:2:    pf_orc_diabolical, layout_caves, uniq_snorg
Elf:1:    layout_rooms, evilmike_minifort
Elf:2:    elven_hall_of_blades_hangedman_original [nicolae_blade_tridents],
          layout_geoelf_octagon, portal_desolation_entry_garden
Elf:3:    elf_hall_gauntlet_wide, layout_rooms, minmay_elf_annihilation
Vaults:1: ebering_ghost_xom, nicolae_vaults_inception_scallops,
          vaults_mumra_chevron_long, vaults_dpeg_doors,
          nicolae_vaults_three_branches, hangedman_vaults_stretched_pinwheel,
          vaults_room_fancy_cross, ontoclasm_vaults_loading_screen,
          vaults_dpeg_cross, ontoclasm_vaults_tryst, vaults_room_fours,
          vaults_room_grunt_arrival_ludios, vaults_dpeg_diagonal,
          layout_vaults_ring, serial_shops, shop, uniq_zenata
Vaults:2: v_misc_5, ontoclasm_vaults_ligature, nicolae_vaults_network_quincunx
          [nicolae_vaults_network_quincunx_subvault,
          nicolae_vaults_network_quincunx_subvault,
          nicolae_vaults_network_quincunx_subvault,
          nicolae_vaults_network_quincunx_subvault,
          nicolae_vaults_network_quincunx_subvault], v_misc_33,
          minmay_crypt_entry_simple_round, v_misc_9, ontoclasm_vaults_idyll,
          vaults_room_corners, grunt_vaults_twisty, grunt_vaults_diagonal,
          grunt_vaults_focal, nicolae_vaults_little_squares_1,
          layout_vaults_big_cross
Vaults:3: v_rooms_6, hangedman_vaults_river_flow, ontoclasm_vaults_fault,
          nicolae_vaults_big_ls, nicolae_vaults_angled_halls,
          nicolae_vaults_puzzle_piece, vaults_standard_mumra_x,
          hangedman_vaults_corner, nicolae_vaults_big_angled_halls,
          v_alt_pattern_1, ontoclasm_vaults_loading_screen, v_misc_15,
          vaults_dpeg_ring, layout_vaults_omnibox
Vaults:4: grunt_vaults_bifocal, nicolae_vaults_what_the_h, v_misc_10,
          grunt_vaults_hallway_short, ontoclasm_vaults_chip, serial_ice_b,
          vaults_room_corners, v_misc_1, v_misc_24, layout_vaults_quadrants
Vaults:5
Crypt:1:  layout_misc_corridors, st_shrine_of_skulls
Crypt:2:  layout_misc_corridors, grunt_ministairs_8, uniq_mennas
Crypt:3:  due_elkab, layout_chaotic_city, nicolae_tomb_entry_grand_gallery
Depths:1: due_jory_tower, layout_honeycomb, serial_shops,
          nicolae_shop_overgrown_old_shop, nicolae_shop_behind_doors, shop,
          shop, abyss_entry_small_statue_room,
          nicolae_hell_entry_hellmouth_sunbeams, minmay_misc_feat_plants,
          hex_tiny, nicolae_elemental_shop, minmay_misc_feat_tower,
          grunt_ministairs_8, kennysheep_generic_room_11
Depths:2: minmay_box_of_statues, layout_gridlike, pf_coc_iceberg, serial_shops,
          shop, nicolae_shop_bloodbath_and_beyond, shop_fountains,
          rand_demon_pan_entry_8, lemuel_coloured_pillars_altar, special_room
          [special_room_mythical_zoo]
Depths:3: minmay_slanted_spiral_squares, layout_cave_pools, enter_ziggurat_b,
          abyss_entry, hell_entry, chequers_serial_rivers_micro_c,
          chequers_serial_rivers_room_a
Depths:4: grunt_crosshair, layout_twisted_cross, rand_demon_pan_entry_5,
          grunt_hell_entry_dis_mu, nicolae_fountain_basement,
          grunt_megastairs_5, uniq_saint_roka
Zot:1:    layout_cellular_growth, uniq_josephina
Zot:2:    layout_basic, grunt_megastairs_4, uniq_tiamat
Zot:3:    minmay_elemental_castle, layout_misc_corridors, skrybe_zot_glass_3
Zot:4:    hangedman_snap_crack_crunch, layout_concentric_octagons,
          nicolae_diode_intersection
Zot:5:    layout_basic

Notes
Turn   | Place    | Note
-------+----------+-------------------------------------------
     0 | D:1      | MackTheKnife the Barachi Wanderer began the quest for the
                  | Orb.
     0 | D:1      | MackTheKnife set off with the following items: a +0 club
                  | {mace}, a +0 scale mail, a scroll of fog, 2 scrolls of
                  | fear; and the following spell memorised: Summon Small
                  | Mammal; and the following spells available to memorise:
                  | Summon Guardian Golem.
     0 | D:1      | Reached XP level 1. HP: 18/18 MP: 2/2
     0 | D:1      | magus.rc [v1.9.6]
    10 | D:1      | You pick up a book of Party Tricks and begin reading...
    10 | D:1      | You add the spells Apportation and Alistair's Intoxication
                  | to your library.
   121 | D:1      | Reached skill level 4 in Fighting
   121 | D:1      | Reached XP level 2. HP: 25/25 MP: 3/3
   362 | D:1      | Reached skill level 3 in Unarmed Combat
   740 | D:1      | Reached XP level 3. HP: 30/30 MP: 4/4
  1294 | D:2      | Reached skill level 4 in Unarmed Combat
  1722 | D:2      | Reached XP level 4. HP: 37/37 MP: 5/5
  1917 | D:2      | You pick up a book of Air and begin reading...
  1917 | D:2      | You add the spells Shock, Swiftness and Airstrike to your
                  | library.
  2273 | D:3      | Found a shadowy altar of Dithmenos.
  2452 | D:3      | You add the spells Gell's Gravitas, Teleport Other and
                  | Dispersal to your library.
  2493 | D:3      | Reached skill level 5 in Unarmed Combat
  2605 | D:3      | Noticed Natasha
  2613 | D:3      | Killed Natasha
  2614 | D:3      | Reached XP level 5. HP: 36/42 MP: 6/6
  2641 | D:3      | Found Usuusoha's General Store.
  3158 | D:3      | Noticed Natasha
  3185 | D:3      | Killed Natasha
  3340 | D:3      | Noticed Natasha
  3349 | D:3      | Killed Natasha
  3350 | D:3      | Reached skill level 6 in Unarmed Combat
  3881 | D:4      | You pick up a book of the Moon and begin reading...
  3881 | D:4      | You add the spells Passage of Golubria, Silence and
                  | Lehudib's Crystal Spear to your library.
  3910 | D:4      | Reached XP level 6. HP: 48/49 MP: 7/7
  4387 | D:4      | Reached skill level 5 in Fighting
  4403 | D:4      | Identified the +0 spear of the Scorching Goat {heavy,
                  | Int+5}
  4468 | D:4      | Found a sacrificial altar of Ru.
  4545 | D:4      | Reached skill level 7 in Unarmed Combat
  4584 | D:4      | Became a worshipper of Ru the Awakened
  4775 | D:5      | Entered Level 5 of the Dungeon
  4782 | D:5      | Reached XP level 7. HP: 42/56 MP: 8/8
  4836 | D:5      | Found a shimmering altar of Xom.
  5053 | D:5      | Found an opulent altar of Gozag.
  5055 | D:5      | Found an ornate altar of the Wu Jian Council.
  5211 | D:5      | Reached skill level 6 in Fighting
  5211 | D:5      | Found an iron altar of Okawaru.
  5273 | D:5      | Found a glowing drain.
  5295 | Sewer    | Entered a sewer
  5711 | Sewer    | Found a shimmering altar of Xom.
  6118 | D:5      | Reached skill level 8 in Unarmed Combat
  6143 | D:5      | Reached skill level 7 in Fighting
  6143 | D:5      | Reached XP level 8. HP: 39/67 MP: 9/9
  6256 | D:5      | Gained mutation: You cannot study or cast Fire magic. [Ru
                  | sacrifice]
  6256 | D:5      | Gained mutation: You cannot study or cast Transmutations
                  | magic. [Ru sacrifice]
  6256 | D:5      | Gained mutation: You cannot study or cast Summoning magic.
                  | [Ru sacrifice]
  6256 | D:5      | Reduced skill Summonings to level 0
  6256 | D:5      | Reached * piety under Ru
  6364 | D:5      | HP: 13/67 [iguana (9)]
  6365 | D:5      | HP: 6/67 [iguana (7)]
  6539 | D:5      | Found a glowing silver altar of Zin.
  6540 | D:5      | Noticed an angel
  6580 | D:5      | Found a hazy altar of Hepliaklqana.
  6599 | D:5      | Gained mutation: You occasionally shout uncontrollably at
                  | your foes. [potion of mutation]
  6599 | D:5      | Gained mutation: You are resistant to electric shocks.
                  | (rElec) [potion of mutation]
  6599 | D:5      | Gained mutation: Your mind is acute. (Int +4, Str/Dex -1)
                  | [potion of mutation]
  7108 | D:6      | Reached skill level 8 in Fighting
  7161 | D:6      | Reached skill level 9 in Unarmed Combat
  7200 | D:6      | Found a glowing golden altar of the Shining One.
  7201 | D:6      | Found an ancient bone altar of Kikubaaqudgha.
  7280 | D:6      | Reached skill level 1 in Stealth
  7322 | D:6      | Reached skill level 2 in Stealth
  7421 | D:6      | Reached skill level 4 in Stealth
  7621 | D:6      | Reached skill level 5 in Stealth
  7759 | D:6      | Found a burning altar of Makhleb.
  7767 | D:6      | Reached skill level 6 in Stealth
  7767 | D:6      | Reached XP level 9. HP: 74/74 MP: 10/10
  7920 | D:7      | Reached skill level 7 in Stealth
  8020 | D:7      | Noticed Prince Ribbit
  8032 | D:7      | Reached skill level 8 in Stealth
  8061 | D:7      | Found a staircase to the Ecumenical Temple.
  8118 | D:7      | Reached skill level 9 in Stealth
  8317 | D:6      | Reached skill level 1 in Dodging
  8417 | D:6      | Killed Prince Ribbit
  8418 | D:6      | Reached skill level 3 in Dodging
  8512 | D:7      | Reached skill level 4 in Dodging
  8549 | D:7      | Reached skill level 5 in Dodging
  8643 | D:7      | Reached skill level 6 in Dodging
  8875 | D:7      | Reached skill level 7 in Dodging
  8875 | D:7      | Reached XP level 10. HP: 80/80 MP: 11/11
  9066 | D:7      | Gained mutation: You occasionally lose the ability to drink
                  | potions when taking damage. [Ru sacrifice]
  9066 | D:7      | Gained mutation: You sometimes lose the ability to drink
                  | potions when taking damage. [Ru sacrifice]
  9066 | D:7      | Reached ** piety under Ru
  9298 | D:7      | Found a runed translucent door.
  9299 | D:7      | Noticed Crazy Yiuf
  9303 | D:7      | Killed Crazy Yiuf
  9409 | D:8      | Found Titod's Magic Scroll Emporium.
  9418 | D:8      | Bought a scroll of enchant armour for 112 gold pieces
  9429 | D:8      | Found Xuzaipna's Assorted Antiques.
  9434 | D:8      | Bought a shiny coral ring for 115 gold pieces
  9440 | D:8      | Noticed a death yak
  9440 | D:8      | Noticed a death yak
  9584 | D:7      | Reached skill level 8 in Dodging
  9906 | D:8      | Reached skill level 9 in Dodging
 10092 | D:8      | Paralysed by a hornet for 1 turns
 10106 | D:8      | Paralysed by a hornet for 2 turns
 10394 | D:8      | Found a hide-covered altar of Uskayaw.
 10610 | D:8      | Reached skill level 10 in Unarmed Combat
 11104 | D:8      | Bought a scroll of teleportation for 45 gold pieces
 11310 | D:9      | Found a snail-covered altar of Cheibriados.
 11364 | D:9      | Reached skill level 11 in Unarmed Combat
 11597 | D:9      | Found a blossoming altar of Fedhas.
 11837 | D:9      | Identified the +2 robe "Etutof" {rPois Will+}
 11895 | D:9      | Found a runed translucent gate.
 11895 | D:9      | Found a runed translucent gate.
 11895 | D:9      | Found a runed translucent gate.
 11946 | D:9      | Reached XP level 11. HP: 72/87 MP: 12/12
 11950 | D:9      | Reached skill level 9 in Fighting
 12233 | D:9      | Gained mutation: You are slightly weak-willed. (Will-) [Ru
                  | sacrifice]
 12233 | D:9      | Reached *** piety under Ru
 12242 | D:9      | Noticed PanSaczeczos's ghost (journeyman GrCK)
 12674 | D:10     | Entered Level 10 of the Dungeon
 12710 | D:10     | Reached skill level 10 in Fighting
 12915 | D:10     | Found a shimmering blue altar of Sif Muna.
 13038 | D:10     | Found a stormy altar of Qazlal.
 13051 | D:10     | Found a staircase to the Orcish Mines.
 13287 | D:10     | Found Amuosan's Armour Emporium.
 13526 | D:10     | Noticed Sonja
 13582 | D:10     | Reached skill level 11 in Fighting
 13587 | D:10     | Killed Sonja
 13803 | D:10     | Noticed Urug
 13803 | D:10     | Noticed Lodul
 13932 | D:11     | You pick up a book of Winter and begin reading...
 13932 | D:11     | You add the spells Ozocubu's Armour, Metabolic Englaciation
                  | and Simulacrum to your library.
 14007 | D:11     | Reached skill level 12 in Fighting
 14134 | D:11     | Reached skill level 2 in Evocations
 14137 | D:11     | Reached skill level 3 in Evocations
 14146 | D:11     | HP: 23/95 [poisoned by a red devil]
 14151 | D:11     | HP: 14/95 [poisoned by a red devil]
 14156 | D:11     | Reached skill level 4 in Evocations
 14156 | D:11     | HP: 11/95 [poisoned by a red devil]
 14427 | D:11     | Noticed a centaur warrior
 14438 | D:11     | Killed a centaur warrior
 14439 | D:11     | Reached skill level 5 in Evocations
 14795 | D:11     | Reached skill level 6 in Evocations
 15089 | D:11     | Noticed a white ugly thing
 15329 | D:11     | Noticed a manticore
 15346 | D:11     | Killed a manticore
 15347 | D:11     | Reached skill level 7 in Evocations
 15347 | D:11     | Reached XP level 12. HP: 79/102 MP: 13/13
 15463 | D:11     | Noticed Fannar
 15481 | D:11     | Killed Fannar
 15482 | D:11     | Reached skill level 8 in Evocations
 16010 | D:10     | Urug changed into Urug the dream sheep
 16010 | D:10     | Noticed Urug
 16017 | D:10     | Killed Urug the dream sheep
 16162 | D:10     | Killed Lodul
 16163 | D:10     | Reached skill level 9 in Evocations
 16362 | D:8      | Noticed a death yak
 16407 | D:8      | Killed a death yak
 16410 | D:8      | Killed a death yak
 16411 | D:8      | Reached skill level 10 in Evocations
 16417 | D:8      | Killed a death yak
 16607 | D:8      | Found a staircase to the Lair.
 16630 | Lair:1   | Entered Level 1 of the Lair of Beasts
 16651 | D:8      | Gained mutation: You are missing an eye, making it more
                  | difficult to aim. [Ru sacrifice]
 16651 | D:8      | Reached **** piety under Ru
 16651 | D:8      | Reached ***** piety under Ru
 16704 | Lair:1   | Reached skill level 11 in Evocations
 16837 | Lair:1   | Reached skill level 3 in Armour
 16875 | Lair:1   | Reached skill level 4 in Armour
 17201 | Lair:1   | Reached skill level 5 in Armour
 17201 | Lair:1   | Reached skill level 10 in Dodging
 17355 | Lair:1   | Noticed a minotaur
 17381 | Lair:1   | Found a runed translucent gate.
 17381 | Lair:1   | Found a runed translucent gate.
 17381 | Lair:1   | Found a runed translucent gate.
 17382 | Lair:1   | Noticed Othiruos's ghost (journeyman DsCj)
 17382 | Lair:1   | Noticed an eight-headed hydra
 17917 | Lair:2   | Gained mutation: You can hop long distances. [Barachi
                  | growth]
 17917 | Lair:2   | Reached XP level 13. HP: 98/106 MP: 14/14
 17977 | Lair:2   | Reached skill level 6 in Armour
 18168 | Lair:2   | Identified the +6 long sword of Moderation {spect, rC+
                  | SInv}
 18178 | Lair:2   | Identified the +0 chain mail "Pipyps" {rF++}
 18183 | Lair:2   | Reached skill level 7 in Armour
 18183 | Lair:2   | Reached skill level 11 in Dodging
 18399 | Lair:2   | You pick up a book of Transfigurations {@e2} and begin
                  | reading...
 18403 | Lair:2   | Identified the ring "Kisuv" {rElec rPois AC+4 Str+6 Dex-4}
 18709 | Lair:2   | Reached skill level 1 in Shields
 18743 | Lair:2   | Reached skill level 2 in Shields
 18945 | Lair:2   | Reached skill level 3 in Shields
 19079 | Lair:2   | Found a staircase to the Swamp.
 19291 | Lair:3   | Reached skill level 4 in Shields
 19542 | Lair:3   | Reached skill level 5 in Shields
 19575 | Lair:3   | Found a hide-covered altar of Uskayaw.
 19575 | Lair:3   | Found an ornate altar of the Wu Jian Council.
 19847 | Lair:3   | Found a hole to the Spider Nest.
 20080 | Lair:3   | Reached skill level 6 in Shields
 20210 | Lair:3   | Reached skill level 7 in Shields
 21045 | Lair:4   | Reached skill level 8 in Shields
 21220 | Lair:4   | Reached skill level 12 in Unarmed Combat
 21289 | Lair:4   | You pick up a book of Alchemy and begin reading...
 21518 | Lair:4   | Found a viscous altar of Jiyva.
 21518 | Lair:4   | Found a staircase to the Slime Pits.
 21734 | Lair:4   | Found a runed translucent door.
 21734 | Lair:4   | Noticed Rafuutu's ghost (journeyman DDFi)
 21992 | Lair:4   | Killed Rafuutu's ghost
 21993 | Lair:4   | Reached XP level 14. HP: 85/116 MP: 15/15
 22127 | Lair:5   | Entered Level 5 of the Lair of Beasts
 22294 | D:10     | Bought a +2 scale mail of willpower for 315 gold pieces
 22546 | Lair:5   | Reached skill level 13 in Fighting
 23120 | Lair:5   | Lost mutation: Your mind is acute. (Int +4, Str/Dex -1) [Ru
                  | sacrifice]
 23120 | Lair:5   | Gained mutation: You are dopey. (Int -2) [Ru sacrifice]
 23258 | Lair:5   | Reached skill level 13 in Unarmed Combat
 23509 | Lair:5   | Reached skill level 14 in Fighting
 23789 | Lair:5   | Paralysed by a hornet for 1 turns
 24260 | Orc:1    | Entered Level 1 of the Orcish Mines
 24427 | Orc:1    | Reached skill level 8 in Armour
 24557 | Orc:1    | Reached skill level 9 in Armour
 24952 | Orc:2    | Entered Level 2 of the Orcish Mines
 24957 | Orc:2    | Reached skill level 10 in Armour
 25822 | Orc:2    | Reached skill level 11 in Armour
 25877 | Orc:2    | HP: 18/97 [sun demon[an orc high priest] (16)]
 26220 | Orc:2    | Found Sodaghuef's Magic Scroll Shoppe.
 26232 | Orc:2    | Found Fifytuo's Distillery.
 26243 | Orc:2    | Reached skill level 12 in Armour
 26249 | Orc:2    | Reached skill level 13 in Armour
 26254 | Orc:2    | HP: 9/103 [orc knight/+0 long sword (26)]
 26256 | Orc:2    | HP: 2/103 [orc knight/+0 long sword (8)]
 26256 | Orc:2    | Noticed Snorg
 26554 | Orc:2    | Killed Snorg
 26817 | Orc:2    | Reached skill level 14 in Armour
 26842 | Orc:2    | Reached XP level 15. HP: 92/126 MP: 16/16
 26930 | Orc:2    | Found Gulaihom's Jewellery Shop.
 26930 | Orc:2    | Found Waki's Antique Weapon Boutique.
 26930 | Orc:2    | Found a one-way gate leading to the halls of Pandemonium.
 26962 | Orc:2    | Reached skill level 15 in Armour
 27126 | Orc:2    | Bought a scroll of teleportation for 42 gold pieces
 27126 | Orc:2    | Bought a scroll of teleportation for 42 gold pieces
 27144 | Orc:2    | Bought a potion of mutation for 128 gold pieces
 27152 | Orc:2    | Reached skill level 16 in Armour
 27348 | Orc:2    | Found a staircase to the Elven Halls.
 27734 | D:12     | Reached skill level 17 in Armour
 28036 | D:12     | magus.rc [v1.9.6]
 28242 | D:12     | Found Ogial's Antique Weapon Shop.
 28243 | D:12     | Found Qises's Distillery.
 28256 | D:12     | Bought a potion of heal wounds for 70 gold pieces
 28256 | D:12     | Bought a potion of heal wounds for 70 gold pieces
 28256 | D:12     | Bought a potion of haste for 140 gold pieces
 28256 | D:12     | Bought 2 potions of curing for 84 gold pieces
 28557 | D:13     | You pick up a book of Burglary and begin reading...
 28566 | D:13     | Found a transporter.
 28569 | D:13     | Found a transporter.
 28655 | D:13     | Found a gate to the Vaults.
 28686 | D:13     | Reached skill level 14 in Unarmed Combat
 28774 | D:13     | Found a radiant altar of Vehumet.
 28785 | D:13     | Noticed Azrael
 28802 | D:13     | Killed Azrael
 29407 | D:13     | Reached skill level 15 in Fighting
 29569 | D:13     | Identified the ring "Fiamoipp" {rPois rN+ Int+2}
 29580 | D:13     | Identified the +1 quarterstaff "Murmur" {holy, Fly Str-5
                  | Int+8}
 29852 | D:14     | Mutation became permanent: You occasionally shout
                  | uncontrollably at your foes. [Ru sacrifice]
 29852 | D:14     | Gained mutation: You occasionally shout uncontrollably at
                  | your foes. [Ru sacrifice]
 29934 | D:14     | Identified the +1 leather armour "Suretoud" {rF+ Will++
                  | Regen+ Dex-2}
 30103 | D:14     | magus.rc [v1.9.6]
 30474 | D:14     | Found a portal to a secret trove of treasure.
 30561 | D:14     | This trove needs 6 scrolls of fog to function. Give it the
                  | items?
 30792 | D:15     | Entered Level 15 of the Dungeon
 30792 | D:15     | Noticed Agnes
 30811 | D:14     | Killed Agnes
 30924 | D:15     | magus.rc [v1.9.6]
 30958 | D:15     | Reached skill level 15 in Unarmed Combat
 30994 | D:15     | Noticed Rupert
 31217 | Swamp:1  | Entered Level 1 of the Swamp
 31218 | Swamp:1  | magus.rc [v1.9.6]
 31388 | Swamp:1  | Found a runed translucent door.
 31389 | Swamp:1  | Noticed Crownlay's ghost (adept GrEE)
 31658 | Swamp:1  | Reached XP level 16. HP: 74/123 MP: 17/17
 31699 | Swamp:1  | magus.rc [v1.9.6]
 31873 | Swamp:1  | Lost mutation: You are resistant to electric shocks.
                  | (rElec) [potion of mutation]
 31873 | Swamp:1  | Gained mutation: You passively map a small area around you.
                  | [potion of mutation]
 31873 | Swamp:1  | Gained mutation: You are frail. (-10% HP) [potion of
                  | mutation]
 31874 | Swamp:1  | Lost mutation: You passively map a small area around you.
                  | [potion of mutation]
 31874 | Swamp:1  | Lost mutation: You are frail. (-10% HP) [potion of
                  | mutation]
 31874 | Swamp:1  | Gained mutation: You are robust. (+10% HP) [potion of
                  | mutation]
 31874 | Swamp:1  | Gained mutation: You are vulnerable to cold. (rC-) [potion
                  | of mutation]
 31874 | Swamp:1  | Gained mutation: You have large cloven feet. [potion of
                  | mutation]
 31874 | Swamp:1  | Gained mutation: Your muscles are strong. (Str +4, Int/Dex
                  | -1) [potion of mutation]
 31875 | Swamp:1  | Lost mutation: Your muscles are strong. (Str +4, Int/Dex
                  | -1) [potion of mutation]
 31875 | Swamp:1  | Lost mutation: You have large cloven feet. [potion of
                  | mutation]
 31875 | Swamp:1  | Gained mutation: Your body sometimes deteriorates upon
                  | taking damage. [potion of mutation]
 31875 | Swamp:1  | Gained mutation: You are very dopey. (Int -4) [potion of
                  | mutation]
 31875 | Swamp:1  | Gained mutation: Your natural rate of healing is unusually
                  | fast. [potion of mutation]
 31904 | Swamp:1  | Reached skill level 16 in Unarmed Combat
 31918 | Swamp:1  | magus.rc [v1.9.6]
 31918 | Swamp:1  | magus.rc [v1.9.6]
 31918 | Swamp:1  | magus.rc [v1.9.6]
 31923 | Swamp:1  | magus.rc [v1.9.6]
 31994 | Swamp:1  | magus.rc [v1.9.6]
 32423 | Swamp:2  | Gained mutation: You frequently scream uncontrollably at
                  | your foes. [Ru sacrifice]
 32943 | Swamp:2  | Reached skill level 17 in Unarmed Combat
 33049 | Swamp:2  | Identified the ring of Departure {Wiz Dex+4}
 33150 | Swamp:3  | Noticed Jorgrun
 33151 | Swamp:3  | Noticed Nikola
 33285 | Spider:1 | Entered Level 1 of the Spider Nest
 33458 | Lair:3   | Reached skill level 18 in Unarmed Combat
 33950 | Spider:1 | Reached skill level 19 in Unarmed Combat
 34447 | Spider:2 | Lost mutation: You are robust. (+10% HP) [potion of
                  | mutation]
 34447 | Spider:2 | Lost mutation: You are very dopey. (Int -4) [potion of
                  | mutation]
 34447 | Spider:2 | Gained mutation: You sometimes lose your temper in combat.
                  | [potion of mutation]
 34447 | Spider:2 | Gained mutation: Your muscles are strong. (Str +4, Int/Dex
                  | -1) [potion of mutation]
 34480 | Spider:2 | Reached skill level 12 in Dodging
 34549 | Spider:1 | Reached XP level 17. HP: 128/129 MP: 18/18
 34572 | Spider:2 | Gained mutation: You are very dopey. (Int -4) [Ru
                  | sacrifice]
 34572 | Spider:2 | Reached ****** piety under Ru
 34891 | Spider:2 | Reached skill level 13 in Dodging
 34920 | Spider:2 | You pick up a book of Dreams and begin reading...
 35624 | Spider:2 | Reached skill level 16 in Fighting
 35711 | Spider:3 | Noticed Bai Suzhen
 35711 | Spider:3 | Noticed Aizul
 35714 | Spider:3 | Noticed Louise
 35720 | Spider:3 | Killed Aizul
 36259 | Spider:3 | Killed Louise
 36359 | Spider:3 | HP: 24/112 [wolf spider simulacrum (27)]
 36583 | Spider:2 | Paralysed by a jorogumo for 1 turns
 36670 | Spider:3 | Reached skill level 17 in Fighting
 36999 | Elf:1    | Entered Level 1 of the Elven Halls
 37132 | Elf:1    | Identified the +1 plate armour of Contentment {rElec}
 37315 | Elf:1    | Reached skill level 20 in Unarmed Combat
 37598 | Elf:1    | Paralysed by an air elemental for 1 turns
 37724 | Elf:1    | Reached XP level 18. HP: 116/152 MP: 19/19
 37743 | Elf:1    | You pick up a book of Weapons and begin reading...
 37743 | Elf:1    | You add the spells Tukima's Dance and Portal Projectile to
                  | your library.
 37762 | Elf:1    | Reached skill level 18 in Fighting
 38339 | Spider:3 | Killed Bai Suzhen
 38378 | Spider:3 | Identified the +2 short sword of Wrongful Imprisonment
                  | {heavy, Dex+8}
 38423 | Spider:4 | Entered Level 4 of the Spider Nest
 39071 | Spider:4 | Reached skill level 21 in Unarmed Combat
 39349 | Spider:4 | Reached skill level 19 in Fighting
 39897 | Spider:4 | Reached skill level 12 in Evocations
 40394 | Spider:4 | Got a gossamer rune of Zot
 40979 | Elf:2    | Found a crumbling gateway.
 41028 | Desolati | Entered the Desolation of Salt
 41151 | Desolati | Reached skill level 20 in Fighting
 41151 | Desolati | Reached skill level 13 in Evocations
 41298 | Desolati | Reached XP level 19. HP: 129/142 MP: 20/20
 41402 | Desolati | Identified the +6 mace "Giriynno" {vamp, rPois Dex+7}
 41402 | Desolati | Identified the ring "Vupn" {Wiz +Blink rElec rF+ MP-9
                  | Dex+2}
 41414 | Desolati | Identified the +5 battleaxe "Vacs" {speed, rC+ Str+4}
 41423 | Desolati | Got Sif Muna's Spellbook of the Numb Evil Eye
 41498 | Desolati | Identified the +6 short sword "Zuucilo" {vamp, rC+ Stlth+}
 41577 | Desolati | an ironbound convoker comes into view. It is wielding the
                  | +8 autumn katana {manifold assault}.
 41584 | Desolati | Reached skill level 14 in Evocations
 41591 | Desolati | HP: 28/138 [saltling (18)]
 41656 | Desolati | Identified the +0 plate armour of the Arcane {rElec rN+
                  | Str+5}
 41889 | Desolati | Got Kope's Disquisition on Arenous Algor
 42018 | Elf:2    | Found a runed translucent gate.
 42020 | Elf:2    | Found a runed translucent gate.
 42020 | Elf:2    | Found a runed translucent gate.
 42027 | Elf:2    | Reached skill level 21 in Fighting
 42038 | Elf:2    | You pick up a book of the Spheres and begin reading...
 42038 | Elf:2    | You add the spells Iskenderun's Battlesphere, Conjure Ball
                  | Lightning and Orb of Destruction to your library.
 42517 | Elf:3    | Entered Level 3 of the Elven Halls
 42559 | Elf:3    | Reached skill level 9 in Shields
 42629 | Elf:3    | Reached skill level 14 in Dodging
 42762 | Elf:3    | Got Sucraot's Discursus on Hurting
 43169 | Elf:3    | magus.rc [v1.9.6]
 43198 | Elf:3    | Lost mutation: Your natural rate of healing is unusually
                  | fast. [potion of mutation]
 43198 | Elf:3    | Lost mutation: You sometimes lose your temper in combat.
                  | [potion of mutation]
 43312 | Elf:3    | Reached skill level 10 in Shields
 43376 | Elf:3    | Identified the ring "Wuafri" {rN+ Will+ Int-2 SInv}
 43380 | Elf:3    | Identified the amulet "Foidef" {Faith Str+5 Int-2 Dex+4}
 43391 | Elf:3    | Reached skill level 15 in Dodging
 43398 | Elf:3    | Noticed a Tzitzimitl
 43547 | Elf:3    | Lost mutation: Your body sometimes deteriorates upon taking
                  | damage. [potion of mutation]
 43547 | Elf:3    | Lost mutation: You are vulnerable to cold. (rC-) [potion of
                  | mutation]
 43547 | Elf:3    | Gained mutation: You are partially covered in iridescent
                  | scales. (AC +2) [potion of mutation]
 43547 | Elf:3    | Gained mutation: You are robust. (+10% HP) [potion of
                  | mutation]
 43551 | Elf:3    | Identified the +6 falchion "Tisucixu" {venom, Will++ Int+4
                  | Dex+4}
 43567 | Elf:3    | Identified the +3 great sword of Bloodstone {venom, *Slow
                  | rN++}
 43576 | Elf:3    | Identified the ring of Gozag's Delight {+Blink rC++ Int+6}
 43908 | Swamp:3  | Reached XP level 20. HP: 171/176 MP: 21/21
 43946 | Swamp:3  | Noticed Mara
 44138 | Vaults:1 | Entered Level 1 of the Vaults
 44195 | Vaults:1 | Found the +12 pair of quick blades "Gyre" and "Gimble"
                  | {protect}
 44217 | Vaults:1 | W - the +12 pair of quick blades "Gyre" and "Gimble"
                  | {protect, shortrare=g}
 44218 | Vaults:1 | You drop the +12 pair of quick blades "Gyre" and "Gimble"
                  | {protect, shortrare=g}.
 44219 | Vaults:1 | W - the +12 pair of quick blades "Gyre" and "Gimble"
                  | {protect, shortrare=g}
 44220 | Vaults:1 | You drop the +12 pair of quick blades "Gyre" and "Gimble"
                  | {protect, shortrare=g}.
 44221 | Vaults:1 | W - the +12 pair of quick blades "Gyre" and "Gimble"
                  | {protect, shortrare=g}
 44236 | D:13     | You drop the +12 pair of quick blades "Gyre" and "Gimble"
                  | {protect, shortrare=g}.
 44395 | Vaults:1 | You pick up a book of Transfigurations {@e2} and begin
                  | reading...
 44541 | Vaults:1 | Noticed Zenata
 44631 | Vaults:1 | Found a runed translucent door.
 44634 | Vaults:1 | Found a shimmering altar of Xom.
 44634 | Vaults:1 | Noticed Uhurudgh's ghost (veteran DgEE)
 44806 | Vaults:1 | Reached skill level 15 in Evocations
 45138 | Vaults:1 | Found Kocke's Book Boutique.
 45500 | Vaults:2 | Reached skill level 16 in Evocations
 45885 | Vaults:2 | You pick up a book of Weapons and begin reading...
 46431 | Vaults:2 | Reached skill level 22 in Unarmed Combat
 46431 | Vaults:2 | You pick up a book of Blood and begin reading...
 46949 | Vaults:2 | Found a staircase to the Crypt.
 47827 | Vaults:3 | Reached skill level 23 in Unarmed Combat
 47830 | Vaults:3 | Reached XP level 21. HP: 133/196 MP: 22/22
 47840 | Vaults:3 | Identified the +2 scale mail "Lumpaeck" {+Blink rF+++ Will-
                  | Regen+}
 48619 | Vaults:4 | magus.rc [v1.9.6]
 49116 | Vaults:4 | Reached skill level 24 in Unarmed Combat
 50344 | Swamp:3  | Killed Jorgrun
 50384 | Swamp:4  | Entered Level 4 of the Swamp
 50511 | Swamp:4  | Reached skill level 25 in Unarmed Combat
 50719 | Swamp:4  | magus.rc [v1.9.6]
 51225 | Swamp:4  | Got a decaying rune of Zot
 51226 | Swamp:4  | Identified the +4 bardiche "Qedoig" {speed, rElec rC++}
 51422 | Swamp:3  | Noticed Kirke
 51433 | Swamp:3  | Reached XP level 22. HP: 213/213 MP: 23/23
 51465 | Swamp:3  | Killed Kirke
 51481 | Swamp:3  | Reached skill level 26 in Unarmed Combat
 51797 | Swamp:3  | Killed Nikola
 52339 | D:15     | Killed Rupert
 52431 | D:15     | Could not pick up a +4 executioner's axe of pain
                  | {axerare=g} here; ([A]lways) ignore it?
 52431 | D:15     | Could not pick up a +4 executioner's axe of pain
                  | {axerare=g} here; ([A]lways) ignore it?
 52431 | D:15     | Could not pick up a +4 executioner's axe of pain
                  | {axerare=g} here; ([A]lways) ignore it?
 52441 | D:15     | You pick up a book of Callings and begin reading...
 52676 | D:15     | Found an ornate altar of the Wu Jian Council.
 52722 | D:15     | Identified a scroll of acquirement
 52723 | D:15     | Acquired a manual of Stealth
 52829 | D:15     | Found a staircase to the Depths.
 52978 | Depths:1 | Entered Level 1 of the Depths
 53225 | Depths:2 | Found Alufas's Jewellery Shop.
 53345 | Depths:2 | Found a gateway to Hell.
 53418 | Depths:2 | Reached skill level 27 in Unarmed Combat
 53447 | Depths:2 | Lost intelligence.
 53525 | Depths:2 | Reached skill level 16 in Dodging
 53778 | Depths:2 | You fall into a shaft and drop 2 floors!
 53778 | Depths:4 | Entered Level 4 of the Depths
 53864 | Depths:2 | Found Woif's Distillery.
 53895 | Depths:2 | Bought a potion of heal wounds for 60 gold pieces
 53895 | Depths:2 | Bought a potion of haste for 120 gold pieces
 53895 | Depths:2 | Bought 2 potions of mutation for 192 gold pieces
 53895 | Depths:2 | Bought 2 potions of curing for 72 gold pieces
 53895 | Depths:2 | Bought a potion of curing for 36 gold pieces
 53895 | Depths:2 | Bought a potion of resistance for 120 gold pieces
 53899 | Depths:2 | Found Paohyor's Weapon Shop.
 53969 | Depths:2 | Reached skill level 17 in Dodging
 54269 | Depths:2 | Acquired the ring of Melee {+Blink rPois rF- rC+ Dex+6}
 54271 | Depths:2 | Acquired the +1 hat of the Wild Haggis {rF+ Will+ Int+2
                  | SInv}
 54284 | Depths:2 | Acquired the +1 kite shield of Leecvin {Str+3 Int-5 Dex+7
                  | Slay+2}
 54992 | Depths:2 | Found a white marble altar of Elyvilon.
 55442 | Depths:1 | Reached skill level 18 in Armour
 55807 | Depths:1 | Noticed Jory
 55819 | Depths:1 | Killed Jory
 56045 | Depths:1 | Reached XP level 23. HP: 213/220 MP: 24/24
 56219 | Depths:1 | Reached skill level 19 in Armour
 56625 | Depths:1 | Found Ytwifoh's General Store.
 56629 | Depths:1 | Found Reuman's Antique Weapon Shoppe.
 56676 | Depths:1 | Reached skill level 20 in Armour
 56727 | Depths:1 | Bought a potion of heal wounds for 100 gold pieces
 56727 | Depths:1 | Bought a scroll of teleportation for 60 gold pieces
 56893 | Depths:1 | Found Tocyproic's Elemental Accessories.
 56943 | Depths:1 | Found Repn's Antique Armour Shop.
 56950 | Depths:1 | Bought a pair of glowing boots for 247 gold pieces
 57363 | Depths:1 | Found a one-way gate to the infinite horrors of the Abyss.
 57411 | Depths:1 | Found Lebazotu's Armour Shoppe.
 57835 | Depths:3 | Reached skill level 21 in Armour
 57863 | Depths:3 | Found a one-way gateway to a ziggurat.
 58460 | Depths:3 | Identified the +1 chain mail of Fateggesell {-Cast rC++
                  | Will++}
 58748 | Depths:4 | Reached skill level 22 in Armour
 58934 | Depths:4 | Noticed Saint Roka
 58954 | Depths:4 | Killed Saint Roka
 58987 | Depths:4 | Noticed a juggernaut
 58990 | Depths:4 | Found a gate to the Realm of Zot.
 59519 | Depths:4 | Reached skill level 23 in Armour
 59565 | Depths:4 | +0 storm dragon scales {rare}; a storm dragon corpse
 59565 | Depths:4 | +0 storm dragon scales {rare}; a storm dragon corpse
 59565 | Depths:4 | Could not pick up +0 storm dragon scales {rare} here;
                  | ([A]lways) ignore it?
 59571 | Depths:4 | Noticed a golden dragon
 59664 | Depths:4 | Killed a golden dragon
 59745 | Depths:4 | Reached XP level 24. HP: 220/228 MP: 24/24
 60356 | Depths:4 | Reached skill level 24 in Armour
 60455 | Depths:4 | Killed a juggernaut
 60790 | Vaults:5 | Entered Level 5 of the Vaults
 61038 | Vaults:4 | Reached skill level 25 in Armour
 61364 | Vaults:5 | Noticed an ancient lich
 61378 | Vaults:4 | Q - quicksilver dragon scales {rare}
 61596 | Vaults:4 | You finish putting on your quicksilver dragon scales
                  | {rare}.
 61601 | Vaults:4 | You finish taking off your quicksilver dragon scales
                  | {rare}.
 61842 | Vaults:5 | Reached skill level 11 in Shields
 62355 | Vaults:5 | Identified the +2 leather armour of a volcano {Int+3 Dex+4}
 62362 | Vaults:5 | Identified the +1 scale mail "Osa Orch" {Int+2 Dex-2
                  | Slay+3}
 62381 | Vaults:5 | Reached skill level 12 in Shields
 62653 | Vaults:5 | Identified +0 gold dragon scales
 62655 | Vaults:5 | +0 gold dragon scales {rare}; a golden dragon corpse
 62732 | Vaults:5 | t - +0 gold dragon scales {rare}
 62825 | Vaults:5 | Reached skill level 13 in Shields
 62829 | Vaults:5 | Got a silver rune of Zot
 62834 | Vaults:5 | +0 shadow dragon scales {rare}; a shadow dragon corpse
 62834 | Vaults:5 | +0 shadow dragon scales {rare}; a shadow dragon corpse
 62834 | Vaults:5 | Could not pick up +0 shadow dragon scales {rare} here;
                  | ([A]lways) ignore it?
 62842 | Vaults:5 | Identified the ring of Amufy {Contam rPois rF++ rCorr
                  | Dex-4}
 62895 | Vaults:5 | Killed an ancient lich
 63238 | Vaults:5 | Identified the ring of Okawaru's Scorn {rPois rN+ Will+
                  | MP+9}
 63239 | Vaults:5 | Identified the +5 scale mail "Gefe" {*Corrode rF++ rC-
                  | Dex+9}
 63276 | Vaults:5 | Reached skill level 14 in Shields
 63276 | Vaults:5 | Reached XP level 25. HP: 181/235 MP: 24/24
 63300 | Vaults:5 | a +0 chain mail of willpower; a +0 great sword {long}; +0
                  | shadow dragon scales {rare}
 63379 | Vaults:5 | Found Zaipp's Book Shoppe.
 63493 | Vaults:5 | Identified the +1 scale mail "Vaomis" {rElec rN+}
 63532 | Vaults:5 | +0 storm dragon scales {rare}; a +0 chain mail; a +2 glaive
                  | {polearm}
 63541 | Vaults:5 | a +0 chain mail of willpower; a +0 great sword {long}; +0
                  | shadow dragon scales {rare}
 63918 | Vaults:5 | a +0 chain mail of willpower; a +0 great sword {long}; +0
                  | shadow dragon scales {rare}
 64035 | Crypt:1  | Entered Level 1 of the Crypt
 64104 | Crypt:1  | Reached skill level 15 in Shields
 64816 | Crypt:1  | Noticed a curse skull
 64825 | Crypt:1  | Killed a curse skull
 64971 | Crypt:1  | Noticed a curse skull
 64973 | Crypt:1  | Noticed a curse skull
 64977 | Crypt:1  | Noticed a dread lich
 64984 | Crypt:1  | Killed a curse skull
 64986 | Crypt:1  | Killed a curse skull
 64988 | Crypt:1  | Killed a dread lich
 65256 | Crypt:1  | You drop +0 gold dragon scales {rare}.
 65315 | Crypt:2  | Reached skill level 22 in Fighting
 65618 | Crypt:2  | Identified the +6 tower shield of Zuliseckid {Stlth+}
 65618 | Crypt:2  | Noticed Mennas
 65663 | Crypt:1  | Killed Mennas
 66073 | Crypt:2  | Reached skill level 16 in Shields
 66375 | Crypt:3  | Entered Level 3 of the Crypt
 66687 | Crypt:3  | Reached skill level 17 in Shields
 67022 | Crypt:3  | Reached skill level 18 in Shields
 67120 | Crypt:3  | Reached XP level 26. HP: 236/238 MP: 24/24
 67740 | Crypt:3  | Reached skill level 19 in Shields
 67784 | Crypt:3  | Found the +13 scythe of Curses {drain, Drain}
 68288 | Zot:1    | Entered Level 1 of the Realm of Zot
 68470 | Zot:3    | Identified the +4 long sword "Celeamn" {venom, +Blink}
 68524 | Zot:3    | J - quicksilver dragon scales {rare}
 68527 | Zot:3    | You drop quicksilver dragon scales {rare}.
 68875 | Zot:5    | Entered Level 5 of the Realm of Zot
 68916 | Zot:5    | Noticed a Killer Klown
 68941 | Zot:4    | Reached skill level 20 in Shields
 69126 | Zot:4    | Killed a Killer Klown
 69668 | Zot:5    | Noticed a curse toe
 69732 | Zot:5    | +0 storm dragon scales {rare}; a storm dragon corpse
 69733 | Zot:5    | Noticed a Killer Klown
 69736 | Zot:5    | +0 storm dragon scales {rare}; a storm dragon corpse
 69748 | Zot:5    | +0 storm dragon scales {rare}; a storm dragon corpse
 69749 | Zot:5    | Killed a Killer Klown
 69784 | Zot:5    | Noticed a dread lich
 69802 | Zot:5    | Killed a dread lich
 69813 | Zot:5    | Killed a curse toe
 69814 | Zot:5    | Reached skill level 21 in Shields
 70042 | Zot:5    | Noticed an orb of fire
 70065 | Zot:5    | Killed an orb of fire
 70077 | Zot:5    | +0 storm dragon scales {rare}; a storm dragon skeleton
 70261 | Zot:5    | Noticed an electric golem
 70262 | Zot:5    | Noticed an ancient lich
 70285 | Zot:5    | Noticed an ancient lich
 70291 | Zot:5    | Killed an ancient lich
 70298 | Zot:5    | Killed an ancient lich
 70371 | Zot:5    | Killed an electric golem
 70373 | Zot:5    | Identified the +9 hand axe of Optimality {vamp, Will+}
 70377 | Zot:5    | Noticed a Killer Klown
 70400 | Zot:5    | Killed a Killer Klown
 70450 | Zot:5    | Noticed an orb of fire
 70478 | Zot:5    | Killed an orb of fire
 70479 | Zot:5    | Reached skill level 22 in Shields
 70591 | Zot:5    | Noticed a Killer Klown
 70599 | Zot:5    | Noticed an ancient lich
 70626 | Zot:5    | Killed a Killer Klown
 70643 | Zot:5    | Killed an ancient lich
 70685 | Zot:5    | Noticed an ancient lich
 70710 | Zot:5    | Killed an ancient lich
 70711 | Zot:5    | Reached skill level 23 in Fighting
 70728 | Zot:5    | Noticed an ancient lich
 70751 | Zot:5    | Killed an ancient lich
 70752 | Zot:5    | Reached XP level 27. HP: 220/258 MP: 15/24
 70816 | Zot:5    | Got the Orb of Zot
 70838 | Zot:5    | Noticed Hyried the pandemonium lord
 71123 | Depths:1 | Noticed Akuzam the pandemonium lord
 71174 | Depths:1 | Noticed Keesk the pandemonium lord
 71787 | D:$      | Escaped with the Orb!

Vanquished Creatures
  2 dread liches
  6 ancient liches
  2 orbs of fire (Zot:5)
  A juggernaut (Depths:4)
  Mennas (Crypt:1)
  4 Killer Klowns
  Saint Roka (Depths:4)
  A curse toe (Zot:5)
  Bai Suzhen (Spider:3)
  Jory (Depths:1)
  4 golden dragons
  Nikola (Swamp:3)
  2 bone dragons (Depths:4)
  An electric golem (Zot:5)
  A Brimstone Fiend (Depths:4)
  Jorgrun (Swamp:3)
  Rupert (D:15)
  6 tentacled monstrosities
  A walking earthen tome (Depths:3)
  7 liches
  2 deep elf blademasters (Elf:3)
  23 Orb Guardians
  5 quicksilver dragons
  2 deep elf master archers (Elf:3)
  5 titans
  3 death cobs
  6 ancient champions
  2 sphinxes
  3 tengu reavers (Vaults:5)
  Agnes (D:14)
  6 storm dragons
  4 revenants
  Kirke (Swamp:3)
  7 shadow dragons
  A draconian monk (Zot:3)
  2 draconian knights (Zot:3)
  4 thorn hunters
  2 deep elf sorcerers
  8 fire giants
  8 emperor scorpions
  An imperial myrmidon (Desolation)
  A ghost moth (shapeshifter) (Vaults:5)
  8 vault wardens
  5 ghost moths
  6 frost giants
  2 draconian scorchers
  Aizul (Spider:3)
  Louise (Spider:3)
  2 deep elf elementalists
  8 broodmothers
  14 ghouls
  3 curse skulls (Crypt:1)
  13 ironbound preservers
  A draconian shifter (Zot:5)
  A draconian stormcaller (Zot:3)
  A draconian annihilator (Depths:4)
  12 vampire knights
  A spriggan defender (Depths:3)
  14 stone giants
  2 war gargoyles (Vaults:5)
  3 green draconians
  28 very ugly things
  6 deep elf demonologists
  2 demonspawn black suns (Depths:2)
  8 ironbound thunderhulks
  13 dire elephants
  Azrael (D:13)
  2 halazid warlocks (Desolation)
  A spectral titan (Crypt:3)
  5 deep elf annihilators
  A purple draconian (Zot:5)
  7 eleionomae
  2 lorocyprocas
  A black draconian (Zot:3)
  3 white draconians
  The ghost of Rafuutu the Cleaver, a journeyman DDFi of Okawaru (Lair:4)
  7 bunyips
  3 red draconians
  14 spark wasps
  6 yellow draconians
  25 eidola
  8 ettins
  Snorg (Orc:2)
  5 deep elf death magi
  6 crystal guardians
  19 jiangshi
  3 deep elf high priests
  A quicksilver dragon zombie (Crypt:1)
  8 entropy weavers
  4 spectral quicksilver dragons (Crypt:3)
  25 yaktaur captains
  25 vault guards
  A spectral fenstrider witch (Crypt:3)
  4 ragged hierophants (Desolation)
  4 shambling mangroves
  5 great orbs of eyes
  8 fire dragons
  20 hydras
  Fannar (D:11)
  11 servants of whispers (Desolation)
  8 ice dragons
  2 hell beasts
  3 rakshasas
  A spectral spriggan (Crypt:3)
  3 spriggan air magi
  15 centaur warriors
  10 peacekeepers
  4 ogre magi
  A spectral stone giant (Crypt:3)
  4 death knights
  2 demonspawn (Orc:2)
  5 boulder beetles
  8 ironbound frosthearts
  16 dancing weapons
  A ghost crab (Swamp:3)
  3 death yaks (D:8)
  4 deep troll shamans
  4 jorogumos
  8 alligators
  13 two-headed ogres
  9 tengu warriors
  10 vampire magi
  A spectral storm dragon (Crypt:3)
  A spectral dire elephant (Crypt:3)
  2 spriggan berserkers
  A soul eater (Crypt:3)
  Sonja (D:10)
  10 deep troll earth magi
  12 hell knights
  7 sun demons
  9 orc high priests
  13 deep elf knights
  5 iron trolls
  A sixfirhy (Orc:2)
  A golden dragon zombie (Depths:1)
  A sun moth (Spider:4)
  7 goliath frogs
  8 pharaoh ants
  11 shadow wraiths
  A spark wasp zombie (Crypt:3)
  2 spectral bunyips (Crypt:3)
  A death drake (Swamp:2)
  4 glowing orange brains
  27 skeletal warriors
  19 flayed ghosts
  A death drake (shapeshifter) (Vaults:5)
  60 deep trolls
  A deep troll (shapeshifter) (Vaults:4)
  Lodul (D:10)
  11 ironbound convokers
  26 deep elf pyromancers
  7 swamp dragons (Swamp:4)
  10 bog bodies
  A spriggan druid (Swamp:2)
  10 orb spiders
  20 deep elf archers
  A golden dragon skeleton (Crypt:3)
  6 necromancers
  9 lindwurms
  A harpy (Depths:2)
  8 steelbarb worms
  5 orc knights
  7 wizards
  17 deep elf zephyrmancers
  24 phantasmal warriors
  5 orc sorcerers
  A fire giant zombie (Depths:1)
  48 ugly things
  2 shadow dragon skeletons
  A sphinx zombie (Depths:1)
  A cyclops (shapeshifter) (Vaults:5)
  A stone giant skeleton (Crypt:2)
  2 cyclopes
  A stone giant zombie (Crypt:1)
  26 wolf spiders
  10 manticores
  7 moths of wrath
  A spectral alligator snapping turtle (Crypt:3)
  2 spectral centaurs (Crypt:3)
  A sphinx skeleton (Crypt:2)
  4 will-o-the-wisps
  4 black mambas
  A toenail golem (D:9)
  An elephant (shapeshifter) (Vaults:5)
  An ice statue (Lair:2)
  A molten gargoyle (Desolation)
  4 guardian serpents (Desolation)
  A rust devil (Depths:4)
  An eye of devastation (Depths:1)
  A guardian serpent (shapeshifter) (Elf:1)
  25 vault sentinels
  2 gargoyles
  8 demonic crawlers
  8 cane toads
  5 torpor snails
  A purple draconian zombie (Crypt:3)
  3 hellions
  30 yaktaurs
  8 orange demons
  A komodo dragon (shapeshifter) (Elf:1)
  An unseen horror zombie (Crypt:2)
  10 komodo dragons
  22 freezing wraiths
  4 rime drakes
  5 tengu conjurers
  An efreet (D:13)
  A spectral harpy (Crypt:3)
  An ice devil (Depths:2)
  10 meliai
  A queen bee (Spider:4)
  4 red devils
  A sea snake skeleton (Crypt:2)
  A harpy zombie (Crypt:2)
  A hellwing (Orc:2)
  A burning bush (Lair:5)
  4 trolls
  A hornet (shapeshifter) (Elf:1)
  Prince Ribbit (D:6)
  50 saltlings (Desolation)
  21 hornets
  10 polar bears
  12 tyrant leeches
  22 blink frogs
  33 tarantellas
  14 dream sheep
  17 slime creatures
  30 culicivoras
  31 jumping spiders
  5 shadows
  A spriggan skeleton (Depths:1)
  15 flying skulls (Crypt:1)
  A vampire (D:11)
  48 yaks
  25 spriggans
  4 wyverns
  9 water elementals
  An air elemental (Elf:1)
  A fire dragon skeleton (Crypt:1)
  6 fire elementals
  7 golden eyes
  41 redbacks
  10 wraiths
  A basilisk (shapeshifter) (Elf:3)
  4 hogs (Swamp:3)
  A chaos spawn (Depths:1)
  3 neqoxecs
  3 basilisks
  A harpy simulacrum (Crypt:3)
  15 vampire mosquitoes
  A naga zombie (Crypt:1)
  3 wargs
  A deep troll zombie (Crypt:1)
  A merfolk zombie (Crypt:1)
  18 swamp worms
  3 acid dragons
  9 hell hounds
  13 water moccasins
  8 swamp drakes
  8 ice beasts
  A deep troll skeleton (Crypt:3)
  A dream sheep zombie (Crypt:2)
  35 orc warriors
  5 black bears
  3 sky beasts (D:7)
  18 wolves (Lair:5)
  18 centaurs
  15 ogres
  7 boggarts
  A dream sheep skeleton (Crypt:2)
  An elf zombie (Crypt:1)
  15 bullfrogs
  3 kobold brigands
  A wyvern zombie (Crypt:3)
  A scorpion (D:4)
  10 necrophages
  4 earth elementals
  An elf skeleton (Crypt:1)
  An ogre simulacrum (Vaults:4)
  8 wights
  A yak zombie (Crypt:1)
  32 killer bees
  2 electric eels
  2 howler monkeys (D:10)
  A basilisk zombie (Crypt:3)
  23 orc priests
  6 hounds
  4 jellies
  Crazy Yiuf (D:7)
  A black bear skeleton (Crypt:2)
  6 iguanas
  4 hell rats
  Natasha (thrice) (D:3)
  16 orc wizards
  A tengu zombie (Crypt:3)
  An ogre skeleton (Crypt:3)
  3 gnolls
  10 adders
  8 river rats
  A shadow imp (D:7)
  2 white imps
  3 ufetubi
  An iguana zombie (Crypt:3)
  3 worms
  A dart slug (D:1)
  101 orcs
  6 ball pythons
  A bat zombie (Crypt:1)
  14 endoplasms
  8 giant cockroaches
  7 goblins
  7 hobgoblins
  4 jackals (D:2)
  20 kobolds
  9 quokkas
  2 training dummies (D:4)
  4 bats
  An endoplasm zombie (Crypt:3)
  8 frilled lizards
  A frilled lizard skeleton (Crypt:3)
  11 rats
  6 briar patches
2331 creatures vanquished.

Vanquished Creatures (collateral kills)
  A red devil (D:11)
1 creature vanquished.

Vanquished Creatures (others)
  3 Orb Guardians
  A titan (Vaults:5)
  A frost giant (Depths:3)
  A vault warden (Vaults:3)
  A ghost moth (Crypt:3)
  A ghoul (Crypt:3)
  A very ugly thing (Vaults:3)
  A halazid warlock (Desolation)
  A yaktaur captain (Vaults:5)
  An entropy weaver (Vaults:4)
  A radroach (Lair:3)
  2 vault guards
  2 hydras (Swamp:4)
  A boulder beetle (Spider:2)
  An orc high priest (Orc:1)
  A deep elf knight (Elf:2)
  2 skeletal warriors
  A spriggan druid (Swamp:4)
  A goliath frog (Swamp:1)
  A deep troll (Vaults:2)
  An ironbound convoker (Vaults:3)
  A bog body (Swamp:4)
  A phantasmal warrior (Vaults:5)
  An orc knight (Orc:2)
  A deep elf zephyrmancer (Elf:2)
  2 deep elf pyromancers
  A manticore (D:13)
  A moth of wrath (Zot:1)
  A black mamba (Lair:2)
  A yaktaur (Vaults:2)
  3 bloated husks
  A polar bear (Lair:5)
  A hornet (shapeshifter) (D:14)
  A hornet (Swamp:4)
  A tarantella (Spider:1)
  4 saltlings (Desolation)
  2 blink frogs
  A jumping spider (Spider:2)
  3 slime creatures
  2 spriggans
  A ynoxinul (Zot:3)
  2 culicivoras (Spider:2)
  A hog (Swamp:3)
  A yak (Lair:4)
  A redback (Spider:2)
  3 swamp worms
  A swamp worm (shapeshifter) (Depths:3)
  A black bear (shapeshifter) (Vaults:5)
  An ettin simulacrum (Crypt:3)
  A centaur (D:13)
  A wyvern skeleton (Crypt:2)
  2 killer bees
  2 orc wizards (Orc:1)
  22 foxfires
  19 fungi
  2 pillars of salt (Elf:2)
  41 plants
  10 withered plants
167 creatures vanquished.

Grand Total: 2499 creatures vanquished

Table legend:
 A = Non-vault XP
 B = Vault XP
 C = Vault XP percentage of total XP
 D = Non-vault monster count
 E = Vault monster count
 F = Vault count percentage of total count
                 A         B        C        D         E       F
            +---------+---------+-------+---------+---------+-------
      Total |  617911 |  645559 |  51.1 |    1348 |    1008 |  42.8
            +---------+---------+-------+---------+---------+-------
        D:1 |      39 |       5 |  11.4 |      23 |       3 |  11.5
        D:2 |      61 |       2 |   3.2 |      20 |       1 |   4.8
        D:3 |     147 |      35 |  19.2 |      19 |       1 |   5.0
        D:4 |     296 |       4 |   1.3 |      25 |       2 |   7.4
        D:5 |     491 |     240 |  32.8 |      25 |      12 |  32.4
        D:6 |     855 |     383 |  30.9 |      11 |       4 |  26.7
        D:7 |    1848 |     477 |  20.5 |      21 |       8 |  27.6
        D:8 |    2154 |    2733 |  55.9 |      25 |      27 |  51.9
        D:9 |    3058 |     235 |   7.1 |      25 |       2 |   7.4
       D:10 |    2189 |    2191 |  50.0 |      27 |       7 |  20.6
       D:11 |    2838 |    4315 |  60.3 |      16 |      10 |  38.5
       D:12 |    4459 |    2360 |  34.6 |      16 |       4 |  20.0
       D:13 |    5600 |    7932 |  58.6 |      15 |      17 |  53.1
       D:14 |    5656 |    1435 |  20.2 |      12 |       1 |   7.7
       D:15 |   18617 |    3683 |  16.5 |      31 |       3 |   8.8
     Lair:1 |    6982 |       0 |   0.0 |      30 |       0 |   0.0
     Lair:2 |    7298 |    3551 |  32.7 |      26 |      14 |  35.0
     Lair:3 |    7915 |    3843 |  32.7 |      26 |      12 |  31.6
     Lair:4 |    4079 |    2004 |  32.9 |      18 |       7 |  28.0
     Lair:5 |    5364 |    9126 |  63.0 |      20 |      49 |  71.0
    Swamp:1 |   12877 |       0 |   0.0 |      31 |       0 |   0.0
    Swamp:2 |    7711 |     874 |  10.2 |      19 |       1 |   5.0
    Swamp:3 |   16328 |    5580 |  25.5 |      28 |       7 |  20.0
    Swamp:4 |   11324 |   28156 |  71.3 |      23 |      44 |  65.7
   Spider:1 |   19857 |    5667 |  22.2 |      49 |      13 |  21.0
   Spider:2 |   25915 |       0 |   0.0 |      61 |       0 |   0.0
   Spider:3 |   10504 |   10359 |  49.7 |      31 |      11 |  26.2
   Spider:4 |   17087 |   28840 |  62.8 |      44 |      59 |  57.3
      Orc:1 |    3869 |     769 |  16.6 |      36 |       1 |   2.7
      Orc:2 |    3407 |   16042 |  82.5 |      30 |      60 |  66.7
      Elf:1 |   22833 |    6015 |  20.9 |      41 |      13 |  24.1
      Elf:2 |   18156 |    2454 |  11.9 |      29 |       3 |   9.4
      Elf:3 |   12101 |   23645 |  66.1 |      21 |      23 |  52.3
   Vaults:1 |   10028 |    7644 |  43.3 |      19 |      11 |  36.7
   Vaults:2 |   35785 |   24502 |  40.6 |      52 |      32 |  38.1
   Vaults:3 |   11974 |   17705 |  59.7 |      21 |      29 |  58.0
   Vaults:4 |   19528 |   35525 |  64.5 |      31 |      47 |  60.3
   Vaults:5 |   11558 |   87906 |  88.4 |      19 |      86 |  81.9
    Crypt:1 |   31514 |   14283 |  31.2 |      49 |      16 |  24.6
    Crypt:2 |   34756 |    3093 |   8.2 |      48 |       5 |   9.4
    Crypt:3 |   31151 |   37048 |  54.3 |      49 |      61 |  55.5
   Depths:1 |   32884 |   43752 |  57.1 |      43 |      59 |  57.8
   Depths:2 |   21709 |   28629 |  56.9 |      28 |      40 |  58.8
   Depths:3 |   26059 |   15301 |  37.0 |      33 |      15 |  31.2
   Depths:4 |   40036 |   26608 |  39.9 |      43 |      33 |  43.4
      Zot:1 |    1222 |       0 |   0.0 |       2 |       0 |   0.0
      Zot:2 |    2615 |       0 |   0.0 |       2 |       0 |   0.0
      Zot:3 |   15330 |     891 |   5.5 |      14 |       1 |   6.7
      Zot:4 |   10355 |   10620 |  50.6 |       6 |       7 |  53.8
      Zot:5 |   19492 |   75060 |  79.4 |      15 |      28 |  65.1
      Sewer |       0 |     202 | 100.0 |       0 |      29 | 100.0
 Desolation |       0 |   43835 | 100.0 |       0 |      90 | 100.0
            +---------+---------+-------+---------+---------+-------

Illustrated notes

Table legend:
 A = Kills in this place as a percentage of kills in entire the game.
 B = Kills by you in this place as a percentage of kills by you in the entire game.
 C = Kills by friends in this place as a percentage of kills by friends in the entire game.
 D = Other kills in this place as a percentage of other kills in the entire game.
 E = Experience gained in this place as a percentage of experience gained in the entire game.
 F = Experience gained in this place divided by the number of levels of this place that you have seen.
                   A       B       C       D       E      F
               +-------+-------+-------+-------+-------+----------------------
         Total | 100.0 | 100.0 | 100.0 | 100.0 | 100.0 | 24590.8
       Dungeon |  17.8 |  18.0 | 100.0 |   8.9 |   6.3 | 5392.2
          Lair |   8.5 |   8.4 |   0.0 |  12.5 |   3.9 | 10032.4
         Swamp |   6.4 |   6.2 |   0.0 |  16.1 |   6.5 | 20712.5
   Spider Nest |  11.3 |  11.2 |   0.0 |  12.5 |   9.2 | 29557.2
  Orcish Mines |   5.3 |   5.4 |   0.0 |   3.6 |   1.9 | 12043.5
   Elven Halls |   5.5 |   5.5 |   0.0 |   3.6 |   6.7 | 28401.3
        Vaults |  14.6 |  14.4 |   0.0 |  23.2 |  20.5 | 52431.0
         Crypt |   9.6 |   9.6 |   0.0 |   7.1 |  11.9 | 50615.0
        Depths |  12.9 |  13.2 |   0.0 |   1.8 |  19.1 | 60921.2
           Zot |   3.2 |   3.1 |   0.0 |   5.4 |  10.6 | 27117.0
         Sewer |   1.2 |   1.2 |   0.0 |   0.0 |   0.0 | 202.0
    Desolation |   3.8 |   3.7 |   0.0 |   5.4 |   3.4 | 43835.0
               +-------+-------+-------+-------+-------+----------------------

Table legend: (Time is in decaauts)
 A = Elapsed time spent in this place.
 B = Non-inter-level travel time spent in this place.
 C = Inter-level travel time spent in this place.
 D = Time resting spent in this place.
 E = Time spent auto-exploring this place.
 F = Levels seen in this place.
 G = Mean time per level.
                   A        B        C        D        E       F      G
               +--------+--------+--------+--------+--------+-----+--------+
         Total |  76286 |  68791 |   7495 |  14512 |  35486 |  52 | 1467.0 |
       Dungeon |  24220 |  21463 |   2757 |   4408 |  12881 |  15 | 1614.7 |
          Lair |   8803 |   7738 |   1065 |   1419 |   4575 |   5 | 1760.6 |
         Swamp |   4241 |   3602 |    639 |    527 |   1621 |   4 | 1060.2 |
   Spider Nest |   6098 |   5670 |    428 |    699 |   2875 |   4 | 1524.5 |
  Orcish Mines |   4095 |   3439 |    656 |   1392 |   1243 |   2 | 2047.5 |
   Elven Halls |   3252 |   2812 |    440 |    313 |   1185 |   3 | 1084.0 |
        Vaults |   9864 |   9268 |    596 |   2177 |   4971 |   5 | 1972.8 |
         Crypt |   3830 |   3610 |    220 |    402 |   2100 |   3 | 1276.7 |
        Depths |   7629 |   7000 |    629 |   1647 |   3499 |   4 | 1907.2 |
           Zot |   2612 |   2552 |     60 |   1048 |    299 |   5 |  522.4 |
         Sewer |    655 |    655 |      0 |    316 |    143 |   1 |  655.0 |
    Desolation |    982 |    982 |      0 |    161 |     90 |   1 |  982.0 |
               +--------+--------+--------+--------+--------+-----+--------+

Top non-repeatable levels by time:
Depths:1: 2777 daAuts
     D:8: 2455 daAuts
Vaults:2: 2431 daAuts
Vaults:5: 2355 daAuts
     D:9: 2291 daAuts
Spider:2: 2248 daAuts
Spider:4: 2241 daAuts
Vaults:4: 2234 daAuts
    D:10: 2076 daAuts
   Orc:2: 2075 daAuts
  Lair:2: 2034 daAuts
   Orc:1: 2019 daAuts
Depths:4: 1977 daAuts
    D:11: 1928 daAuts
     D:3: 1852 daAuts
